Map: Mech-Depot LE

Players

Panda

  • Race: Zerg Zerg
  • League: Diamond
  • Spawn Location: 1:00

Felix - Winner!

  • Race: Protoss Protoss
  • League: Diamond
  • Spawn Location: 7:00

VOD

Have the link to the VOD?

Description

Time

  • Played on: Sept. 5, 2017, 2:38 p.m.
  • Length: 10:58
Show
View Real Time Build Order
Export as new Build Order

Panda Zerg 

Build Orders: Pool First 

Get SALT Encoding   

  12  0:00  Drone  
  13  0:14  Extractor  
  12  0:25  Spawning Pool  
  11  0:28  Drone  
  11  0:33  Drone  
  13  0:44  Overlord  
  14  0:50  Drone  
  14  1:12  Zergling x2  
  14  1:13  Zergling x4  
  14  1:15  Metabolic Boost  
  17  1:23  Zergling x2  
  18  1:34  Zergling x2  
  18  1:36  Queen  
  21  1:52  Zergling x2  
  22  1:55  Overlord  
  22  2:19  Zergling x4  
  23  2:30  Zergling x2  
  22  2:38  Zergling x2  
  22  2:50  Zergling x2  
  21  3:03  Zergling x2  
  20  3:20  Hatchery  
  20  3:26  Zergling x4  
  18  3:45  Drone x3  
  18  3:46  Drone  
  21  4:05  Drone  
  21  4:06  Drone, Hatchery  
  21  4:08  Drone x3  
  24  4:21  Drone  
  25  4:35  Drone x2  
  25  4:36  Queen, Drone  
  30  4:41  Evolution Chamber  
  30  4:43  Evolution Chamber  
  30  4:44  Drone  
  30  4:45  Drone x3  
  32  4:59  Drone  
  33  5:00  Overlord  
  33  5:07  Zerg Ground Armor Level 1  
  33  5:09  Zerg Melee Weapons Level 1  
  33  5:12  Drone x3  
  36  5:18  Queen  
  36  5:20  Drone  
  39  5:31  Drone x5  
  39  5:32  Drone  
  45  5:37  Overlord  
  45  5:39  Overlord  
  45  5:48  Overlord  
  45  5:51  Drone x2  
  47  5:59  Zergling x10  
  52  6:06  Zergling x6  
  52  6:07  Zergling x6  
  58  6:12  Zergling x2  
  59  6:20  Zergling x4  
  62  6:25  Zergling x2  
  62  6:26  Zergling x8  
  62  6:32  Overlord  
  66  6:33  Overlord  
  66  6:34  Zergling x6  
  66  6:39  Spore Crawler  
  68  6:42  Spore Crawler  
  68  6:45  Spore Crawler  
  68  6:46  Spore Crawler  
  65  6:48  Zergling x2  
  65  6:49  Zergling x12  
  68  7:08  Zergling x2  
  68  7:09  Zergling x12  
  60  7:27  Zergling x18  
  61  7:35  Zergling x6  
  59  7:41  Drone  
  59  7:50  Zergling x4  
  59  7:51  Zergling x4  
  62  8:01  Extractor, Drone x3  
  64  8:10  Zergling x10  
  60  8:15  Zergling x2  
  60  8:16  Zergling x10  
  66  8:22  Queen  
  66  8:23  Drone  
  69  8:33  Drone x2  
  71  8:35  Extractor  
  71  8:37  Extractor  
  69  8:41  Lair  
  69  8:48  Overlord x2  
  69  9:01  Spine Crawler  
  68  9:03  Overlord  
  68  9:08  Extractor  
  68  9:09  Extractor  
  66  9:10  Drone  
  66  9:11  Drone x14  
  81  9:42  Drone x10  
  81  9:43  Drone x3  
  80  10:11  Zergling x22  
  66  10:28  Zergling x2  
  66  10:29  Zergling x8  
Show
View Real Time Build Order
Export as new Build Order

Felix Protoss - Winner!

Build Orders:  

Get SALT Encoding   

  12  0:01  Probe (Chrono Boost)  
  13  0:11  Probe (Chrono Boost)  
  14  0:22  Probe (Chrono Boost), Pylon  
  15  0:40  Probe (Chrono Boost)  
  16  0:45  Gateway  
  16  0:51  Probe (Chrono Boost)  
  16  0:54  Assimilator  
  17  1:01  Probe (Chrono Boost)  
  18  1:12  Probe (Chrono Boost)  
  19  1:22  Gateway  
  19  1:27  Pylon  
  19  1:36  Zealot (Chrono Boost)  
  19  1:37  Probe (Chrono Boost)  
  22  1:46  Cybernetics Core  
  21  1:55  Probe  
  22  2:06  Zealot (Chrono Boost)  
  24  2:10  Zealot (Chrono Boost)  
  22  2:45  Adept (Chrono Boost)  
  22  2:49  Adept (Chrono Boost), Pylon  
  24  2:51  Pylon  
  23  3:22  Adept (Chrono Boost)  
  23  3:25  Adept (Chrono Boost)  
  27  3:35  Nexus  
  27  3:45  Stalker (Chrono Boost)  
  29  3:50  Stalker (Chrono Boost)  
  29  3:54  Probe  
  32  3:59  Warp Gate (Chrono Boost)  
  32  4:00  Assimilator  
  32  4:06  Probe  
  33  4:24  Pylon  
  33  4:26  Probe  
  34  4:38  Probe  
  35  4:45  Probe  
  35  4:50  Probe  
  37  5:00  Stargate, Probe  
  37  5:02  Probe  
  37  5:06  Adept x2  
  43  5:10  Twilight Council  
  43  5:14  Pylon  
  43  5:18  Pylon  
  43  5:24  Probe  
  43  5:25  Probe  
  43  5:27  Robotics Facility  
  45  5:29  Assimilator  
  45  5:30  Assimilator  
  45  5:35  Probe  
  45  5:38  Probe  
  47  5:43  Oracle (Chrono Boost)  
  50  5:51  Probe  
  50  5:52  Probe  
  52  5:57  Gateway  
  52  5:58  Gateway  
  52  5:59  Resonating Glaives (Chrono Boost)  
  52  6:03  Probe  
  53  6:04  Probe  
  54  6:21  Phoenix  
  56  6:30  Warp Prism  
  56  6:32  Probe x2  
  60  6:41  Forge  
  60  7:05  Probe x2  
  60  7:08  Adept x4  
  70  7:17  Probe  
  65  7:32  Gateway  
  61  7:37  Adept x2  
  61  7:38  Adept  
  67  7:47  Gateway x2  
  67  7:49  Probe x2  
  67  7:50  Gateway  
  69  7:52  Protoss Ground Weapons Level 1 (Chrono Boost)  
  69  8:01  Probe x2  
  69  8:03  Sentry x2  
  75  8:25  Gateway  
  75  8:54  Charge (Chrono Boost)  
  75  9:14  Adept  
  77  9:21  Pylon  
  77  9:23  Pylon  
  77  9:26  Pylon  
  77  9:28  Pylon  
  77  9:30  Pylon  
  77  9:43  Adept x5  
  77  9:44  Adept x2  
  91  10:05  Adept x7  
  85  10:48  Adept x6  
  85  10:49  Adept  
Tags
 
Matchup
PvZ
Opening
Pool First
Replay Pack
replays1
Spawn Locations
Cross Positions
Add a new tag
Caveats
  • Supply blocks, unpowered buildings, or Contaminate may cause inaccurate times.
  • Supply counts are checked every 10 seconds.